 Dungeon Crawl Stone Soup version 0.32-a0-468-g38b2580584 (webtiles) character file.

Game seed: 13958773981895521144

1 Goblin1989 the Sneak (level 1, 0/18 HPs)
             Began as a Demonspawn Delver on Feb 25, 2024.
             Slain by a hound (2 damage)
             ... on level 3 of the Dungeon.
             The game lasted 00:02:27 (168 turns).

Goblin1989 the Sneak (Demonspawn Delver)             Turns: 168, Time: 00:02:28

Health: 0/18       AC:  3    Str: 12    XL:     1   Next: 16%
Magic:  1/1        EV: 11    Int: 10    God:
Gold:   19         SH:  0    Dex: 14    Spells: 0/0 levels left

rFire   . . .        a - +0 short sword
rCold   . . .        (no shield)
rNeg    . . .        b - +0 leather armour
rPois   .            (no helmet)
rElec   .            (no cloak)
rCorr   .            (no gloves)
SInv    .            (no boots)
Will    .....        (no amulet)
Stlth   ++           (no ring)
HPRegen 0.23/turn    (no ring)
MPRegen 0.07/turn

%: no passive effects
@: no status effects
A: no striking features
a: no special abilities


You were on level 3 of the Dungeon.
You visited 1 branch of the dungeon, and saw 3 of its levels.

You collected 19 gold pieces.

Inventory:

Hand Weapons
 a - a +0 short sword (weapon)
Missiles
 i - 5 curare-tipped darts (quivered)
Armour
 b - a +0 leather armour (worn)
Wands
 g - a wand of digging (3) {@v3}
Scrolls
 c - a scroll of fog
 e - a scroll of fear
 h - a scroll of immolation {unknown}
 j - a scroll of identify {unknown}
Potions
 k - a potion of heal wounds {unknown}


   Skills:
 - Level 3.0 Fighting
 + Level 1.8 Short Blades
 * Level 0.1 Throwing
 - Level 1.7 Dodging
 + Level 4.5 Stealth


You couldn't memorise any spells.
You didn't know any spells.
Your spell library was empty.

Dungeon Overview and Level Annotations

Branches:
Dungeon (5/15) Zot: 17851
 Temple: D:4-7

Altars:
Yredelemnul

Shops:
D:4 [

Annotations:
D:3 mrw0lf's ghost, amateur GnSh


Message History

You feel aware of your surroundings.
You sensed 2 altars, and 4 shops/portals.
You feel yourself speed up.
There is an open door here.
Something unseen opens the door.
The jackal bites you but does no damage.
The jackal attacks as it pursues you! The jackal closely misses you.
You open the door.
The jackal bites you but does no damage.
The jackal attacks as it pursues you! The jackal closely misses you.
There is an open door here.
You see here a +0 short sword.
Found a gnarled runed staff.
A jackal comes into view.
The jackal barks! 2 jackals and a ribbon worm come into view.
An orc wizard comes into view. It is wielding a +2 antimagic dagger.
Found 8 gold pieces.
Found a stone staircase leading up.
The orc wizard shouts!
The jackal barks! x2; You hear a shout!
The jackal bites you but does no damage.
The ribbon worm expels a string of sticky webbing.
The stream of webbing hits you but does no damage.
You are caught in a web!
There is a web here.
You struggle to detach yourself from the web.
A hobgoblin comes into view.
An orc comes into view. It is wielding a +3 hand axe.
The jackal bites you but does no damage.
The jackal bites you.
You take 3 damage, and have 15/18 hp.
You struggle to detach yourself from the web.
The jackal bites you but does no damage. x2
The web tears apart.
The jackal closely misses you.
The jackal bites you but does no damage.
The jackal bites you. The jackal barely misses you.
You take 3 damage, and have 12/18 hp.
The jackal attacks as it pursues you! The jackal closely misses you.
The jackal attacks as it pursues you!
The jackal bites you but does no damage.
The jackal bites you.
The orc shouts!
You hear a shout!
An orc comes into view. It is wielding a +0 hand axe.
The jackal attacks as it pursues you! The jackal bites you.
You take 1 damage, and have 12/18 hp.
Found Cetraha Paal's Armour Boutique.
A hound comes into view.
Found a stone staircase leading up.
Your extra speed is starting to run out.
Found a stone staircase leading down.
The jackal attacks as it pursues you! The jackal bites you.
You take 1 damage, and have 11/18 hp.
The hound bites you. The jackal attacks as it pursues you!
The jackal barely misses you. The hound barely misses you.
There is a stone staircase leading up here.
The jackal closely misses you.
You climb upwards.
Reactivating autopickup.
Found a cyan potion.
There is a stone staircase leading down here.
You hit the jackal.
The jackal is almost dead.
The hound bites you. The jackal barely misses you.
You take 1 damage, and have 10/18 hp.
You closely miss the jackal.
The jackal is almost dead.
The hound bites you but does no damage. The jackal closely misses you.
You barely miss the jackal.
The jackal is almost dead.
The hound bites you but does no damage. The jackal bites you.
* * * LOW HITPOINT WARNING * * *
You take 2 damage, and have 8/18 hp.
You barely miss the jackal.
The jackal is almost dead.
You feel yourself slow down. The hound bites you.
* * * LOW HITPOINT WARNING * * *
You take 3 damage, and have 5/18 hp.
You hit the jackal.
You kill the jackal!
The hound bites you but does no damage. The hound attacks as it pursues you!
The hound bites you.
* * * LOW HITPOINT WARNING * * *
The hound bites you but does no damage.
You take 4 damage, and have 1/18 hp.
MASSIVE DAMAGE!!
You hit the hound.
The hound is lightly wounded.
The white imp shouts, "Give up, thou obnoxious tip-merry nothing!"
The hound closely misses you.
You hit the hound.
The hound is moderately wounded.
The hound stops to sniff the ground.
The hound closely misses you. The hound bites you but does no damage.
You closely miss the hound.
The hound is moderately wounded.
The hound closely misses you.
You hit the hound but do no damage.
The hound is moderately wounded.
The hound bites you.
You die...

.█ .█ .█ .█
.█ .█
██████.█████.
█...h@.......
█.████....!..
.████.█ .█ ..
.█ ██


ZW You could see a hound, mrw0lf's ghost and a jackal simulacrum.

Vanquished Creatures
  A jackal (D:3)
1 creature vanquished.

Notes
Turn   | Place    | Note
-------+----------+-------------------------------------------
     0 | D:5      | Goblin1989 the Demonspawn Delver began the quest for the
                  | Orb.
     0 | D:5      | Reached XP level 1. HP: 18/18 MP: 1/1
     3 | D:5      | Noticed a kobold brigand
    62 | D:4      | Noticed an iguana
    65 | D:4      | Found a basalt altar of Yredelemnul.
    92 | D:4      | Noticed an orc wizard
    92 | D:4      | Noticed an orc priest
   133 | D:4      | Noticed an orc wizard
   151 | D:4      | Found Cetraha Paal's Armour Boutique.
   152 | D:4      | Noticed a hound
   167 | D:3      | Noticed mrw0lf's ghost (amateur GnSh)
   168 | D:3      | Slain by a hound

Illustrated notes

Levels and vault maps discovered:
D:3:      minmay_roachtagon, layout_loops_ring, nzn_hepliaklqana_mist_gate,
          shapermc_ecumenical_altar_ellora, gammafunk_ghost_icy,
          serial_bayou_pond_c
D:4:      minmay_angry_zag, layout_cave_pools, nicolae_overflow_squiral,
          mainiacjoe_overflow_six_doors_small, serial_shops,
          nicolae_shop_gaudy_bauble, nicolae_shop_window_shopping, shop,
          serial_demonic, serial_demonic_d, serial_demonic_c, serial_demonic_f,
          serial_demonic_g
D:5:      layout_rooms, nicolae_overflow_guarded_unrand_okawaru_victory,
          kennysheep_mini_moat

Action                     || total
---------------------------++-------
  Melee: Short sword       ||     9
    Use: Scroll            ||     1
         Potion            ||     1
 Armour: Leather armour    ||    24
  Dodge: Dodged            ||    13

Table legend: (Time is in decaauts)
 A = Elapsed time spent in this place.
 B = Non-inter-level travel time spent in this place.
 C = Inter-level travel time spent in this place.
 D = Time resting spent in this place.
 E = Time spent auto-exploring this place.
 F = Levels seen in this place.
 G = Mean time per level.
                   A        B        C        D        E       F      G
               +--------+--------+--------+--------+--------+-----+--------+
         Total |    148 |    148 |      0 |      0 |      0 |   3 |   49.3 |
       Dungeon |    148 |    148 |      0 |      0 |      0 |   3 |   49.3 |
               +--------+--------+--------+--------+--------+-----+--------+

Top non-repeatable levels by time:
     D:4: 116 daAuts
     D:5: 24 daAuts
     D:3: 7 daAuts
